 Dungeon Crawl Stone Soup version 0.22.1-1-ga44c0e5 (webtiles) character file.

14068 MalarOregon the Carver (level 11, -8/99 HPs)
             Began as a Minotaur Berserker on Sept 21, 2018.
             Was a High Priest of Trog.
             Mangled by a skeletal warrior
             ... wielding a +0 halberd
             ... led by a skeletal warrior
              (20 damage)
             ... on level 12 of the Dungeon.
             The game lasted 00:16:59 (8737 turns).

MalarOregon the Carver (Minotaur Berserker)         Turns: 8737, Time: 00:17:00

Health: -8/99      AC: 19    Str: 25    XL:     11   Next: 83%
Magic:  0/3        EV:  9    Int:  4    God:    Trog [*****.]
Gold:   635        SH: 11    Dex: 10    Spells: 10/10 levels left

rFire    + . .     SeeInvis .   t - +3 double sword (antimagic)
rCold    . . .     Gourm    .   x - +0 shield
rNeg     . . .     Faith    .   g - +0 plate armour
rPois    .         Spirit   +   s - +2 hat
rElec    .         Reflect  .   u - +0 cloak
rCorr    .         Harm     .   (no gloves)
MR       .....                  L - +0 pair of boots
Stlth    ..........             n - amulet of guardian spirit
HPRegen  0.26/turn              o - ring of protection from cold
MPRegen  0.08/turn              y - ring of fire

@: berserk cooldown, slowed, very slow
A: retaliatory headbutt, horns 2
a: Berserk, Trog's Hand, Brothers in Arms, Renounce Religion


You were on level 12 of the Dungeon.
You worshipped Trog.
Trog was extremely pleased with you.
You were hungry.

You visited 1 branch of the dungeon, and saw 12 of its levels.

You collected 635 gold pieces.

Inventory:

Hand Weapons
 a - a +3 falchion of draining
   (You took it off a crimson imp on level 5 of the Dungeon)
 t - a +3 antimagic double sword (weapon)
   (Trog gifted it to you on level 12 of the Dungeon)
Missiles
 c - 2 javelins (quivered)
 r - 15 tomahawks
 A - 3 javelins of returning
 E - 10 poisoned needles
Armour
 g - a +0 plate armour (worn)
   (You found it on level 1 of the Dungeon)
 s - a +2 hat (worn)
   (You found it on level 3 of the Dungeon)
 u - a +0 cloak (worn)
   (You took it off Crazy Yiuf on level 3 of the Dungeon)
 x - a +0 shield (worn)
   (You found it on level 4 of the Dungeon)
 L - a +0 pair of boots (worn)
   (You found it on level 8 of the Dungeon)
Jewellery
 n - an amulet of guardian spirit (around neck)
   (You found it on level 2 of the Dungeon)
 o - a ring of protection from cold (left hand)
   (You found it on level 8 of the Dungeon)
 y - a ring of fire (right hand)
   (You found it on level 4 of the Dungeon)
 K - an uncursed ring of flight
   (You found it on level 8 of the Dungeon)
Wands
 d - a wand of iceblast (14)
   (You found it on level 9 of the Dungeon)
Scrolls
 b - 2 scrolls of enchant armour
 f - 6 scrolls of remove curse {@r2}
 h - 3 scrolls of fog
 k - 7 scrolls of teleportation {@r4}
 q - 2 scrolls of identify {@r1}
 w - a scroll of immolation {!r}
 z - 2 scrolls of magic mapping
 C - a scroll of enchant weapon
Potions
 i - 2 potions of brilliance {unknown}
 j - a potion of berserk rage {unknown}
 l - a potion of heal wounds {@q2}
 m - 3 potions of curing {unknown}
 p - 5 potions of lignification {!q}
 v - a potion of mutation {unknown}
 B - 2 potions of cancellation {unknown}
 G - a potion of agility {unknown}
Miscellaneous
 D - a lightning rod (4/4) {!a}
   (You found it on level 11 of the Dungeon)
Comestibles
 e - 22 rations {!d}
 F - 8 chunks of flesh


   Skills:
 + Level 9.6 Fighting
 * Level 12.7 Long Blades
 + Level 7.3 Throwing
 + Level 9.2 Armour
 + Level 8.4 Dodging
 + Level 8.0 Shields


You had 10 spell levels left.
You didn't know any spells.
Your spell library was empty.

Dungeon Overview and Level Annotations

Branches:
Dungeon (12/15)            Temple (0/1) D:6            Lair (0/6) D:10
    Orc: D:9-12

Altars:
Ashenzari
Kikubaaqudgha
Okawaru
Ru
Sif Muna
Trog
Yredelemnul

Shops:
D:9 }


Innate Abilities, Weirdness & Mutations

You reflexively headbutt those who attack you in melee.
You have a pair of horns on your head.


Message History

Your headbutt misses the skeletal warrior.
The skeletal warrior hits you with a flail.
* * * LOW HITPOINT WARNING * * *
The yak barely misses you. You furiously retaliate!
You headbutt the yak!!
You riposte.
You open the yak like a pillowcase!!!
You kill the yak!
Trog accepts your kill.
You block the skeletal warrior's attack.
You slice the skeletal warrior!! You block the yak's attack.
The yak barely misses you.
You riposte.
You slash the yak! Your headbutt misses the yak.
You see here a potion of blood {@q0}.
You feel a strong urge to attack something.
You are no longer berserk.
Trog's vigour flows through your veins.
You are exhausted.
You feel yourself slow down.
You see here a howler monkey skeleton.
Okay, then.
You feel much better.
You closely miss the skeletal warrior.
You headbutt the skeletal warrior, but do no damage.
The flying skull hits you.
* * * LOW HITPOINT WARNING * * *
The skeletal warrior hits you with a mace!
* * * LOW HITPOINT WARNING * * *
The yak gores you but does no damage. The flying skull hits you!
* * * LOW HITPOINT WARNING * * *
The skeletal warrior barely misses you.
You riposte.
You closely miss the skeletal warrior.
The skeletal warrior hits you with a hand axe!
* * * LOW HITPOINT WARNING * * *
The yak gores you but does no damage. You block the flying skull's attack.
You block the skeletal warrior's attack.
The flying skull hits you.
* * * LOW HITPOINT WARNING * * *
The skeletal warrior completely misses you.
You feel much better. You block the flying skull's attack.
The skeletal warrior closely misses you.
You riposte.
You slice the skeletal warrior!!
You destroy the skeletal warrior!
Trog accepts your kill.
Your Shields skill increases to level 8!
The skeletal warrior hits you with a hand axe!
* * * LOW HITPOINT WARNING * * *
The flying skull hits you but does no damage.
The yak gores you but does no damage. The flying skull hits you.
* * * LOW HITPOINT WARNING * * *
The skeletal warrior hits you from afar with a halberd!!
You die...

.<..............#
................#
................#
................#
.......††.......###
......†.>.......#<#
.....≈..!zz./...#.#
........Yz.z....#.#
........zz@z....#.#
.........Y).....#.#
......(........##.#
...............##.#
$..............##.#
............)†##.###
...........)))....#
..........)[##.#.#
............##.#.#


You could see 4 skeletal warriors, 2 yaks and 3 flying skulls.

Vanquished Creatures
  2 two-headed ogres
  A skeletal warrior (D:12)
  Pikel (D:8)
  2 cyclopes (D:11)
  5 trolls
  2 hippogriffs
  A vampire (D:12)
  2 flying skulls (D:12)
  Sigmund (D:3)
  A shadow (D:12)
  A wraith (D:12)
  A spriggan (D:11)
  16 yaks
  2 hungry ghosts
  A basilisk (D:12)
  A steam dragon (D:12)
  Duvessa (D:5)
  A water moccasin (D:6)
  2 orc warriors
  3 ice beasts
  4 black bears
  An eye of draining (D:10)
  3 sky beasts
  5 wolves (D:10)
  4 ogres
  A phantom (D:4)
  2 centaurs
  3 big kobolds
  A crocodile (D:10)
  4 bullfrogs
  A wyvern zombie (D:8)
  Dowan (D:5)
  A wyvern skeleton (D:12)
  4 scorpions
  3 electric eels (D:10)
  3 howler monkeys (D:12)
  2 vampire bats (D:3)
  3 centaur zombies
  6 crimson imps
  A jelly (D:10)
  4 orc priests
  A centaur skeleton (D:4)
  7 hounds
  Crazy Yiuf (D:3)
  2 bullfrog skeletons (D:6)
  5 iguanas
  12 orc wizards
  9 worker ants
  A hound skeleton (D:8)
  2 worker ant zombies
  Robin (D:3)
  A howler monkey skeleton (D:4)
  6 adders
  7 shadow imps
  4 white imps (D:10)
  An ufetubus (D:10)
  An ooze (D:4)
  2 adder skeletons
  An adder zombie (D:5)
  4 worms
  3 dart slugs (D:1)
  An adder simulacrum (D:10)
  7 leopard geckos
  48 orcs
  A ball python (D:3)
  11 bats
  2 bat skeletons (D:3)
  5 bat zombies (D:3)
  5 giant cockroaches
  13 goblins
  10 hobgoblins
  12 jackals
  4 quokkas
  7 frilled lizards
  A jackal skeleton (D:4)
  17 kobolds
  A leopard gecko skeleton (D:5)
  A quokka skeleton (D:7)
  13 rats
334 creatures vanquished.

Vanquished Creatures (others)
  A kobold (D:12)
1 creature vanquished.

Grand Total: 335 creatures vanquished

Notes
Turn   | Place    | Note
-------+----------+-------------------------------------------
     0 | D:1      | MalarOregon the Minotaur Berserker began the quest for the
                  | Orb.
     0 | D:1      | Reached XP level 1. HP: 19/19 MP: 0/0
    45 | D:1      | Reached XP level 2. HP: 25/27 MP: 1/1
   111 | D:1      | Reached skill level 4 in Long Blades
   299 | D:1      | Reached XP level 3. HP: 33/33 MP: 2/2
   481 | D:2      | Reached skill level 1 in Throwing
   523 | D:2      | Reached ** piety under Trog
   661 | D:2      | Reached XP level 4. HP: 39/40 MP: 3/3
  1019 | D:3      | Found a shattered altar of Ashenzari.
  1049 | D:3      | Noticed Sigmund
  1055 | D:3      | Killed Sigmund
  1055 | D:3      | Reached skill level 5 in Long Blades
  1055 | D:3      | Reached XP level 5. HP: 47/47 MP: 4/4
  1074 | D:3      | Found a runed door.
  1130 | D:3      | Reached XP level 6. HP: 46/53 MP: 5/5
  1141 | D:3      | Found an ancient bone altar of Kikubaaqudgha.
  1261 | D:3      | Reached skill level 6 in Long Blades
  1261 | D:3      | Noticed Robin
  1279 | D:3      | Reached *** piety under Trog
  1328 | D:3      | Killed Robin
  1476 | D:3      | Found an iron altar of Okawaru.
  1793 | D:3      | Noticed Crazy Yiuf
  1800 | D:3      | Killed Crazy Yiuf
  1800 | D:3      | Reached skill level 5 in Fighting
  2050 | D:4      | Reached XP level 7. HP: 51/61 MP: 6/6
  2384 | D:4      | Reached skill level 1 in Shields
  2425 | D:4      | Reached skill level 7 in Long Blades
  2678 | D:5      | Entered Level 5 of the Dungeon
  2702 | D:5      | Reached **** piety under Trog
  2737 | D:5      | Found a shattered altar of Ashenzari.
  2776 | D:5      | Reached XP level 8. HP: 45/69 MP: 7/7
  2839 | D:5      | Noticed Duvessa
  2846 | D:5      | Noticed Dowan
  2861 | D:5      | Killed Duvessa
  2861 | D:5      | Reached skill level 5 in Armour
  2879 | D:5      | Killed Dowan
  3008 | D:5      | Reached skill level 8 in Long Blades
  3532 | D:6      | Reached skill level 5 in Dodging
  3854 | D:6      | Found a staircase to the Ecumenical Temple.
  4006 | D:6      | Reached XP level 9. HP: 78/78 MP: 8/8
  4589 | D:7      | Reached skill level 9 in Long Blades
  5091 | D:8      | Noticed Pikel
  5111 | D:8      | Killed Pikel
  5111 | D:8      | Reached ***** piety under Trog
  5111 | D:8      | Reached skill level 5 in Throwing
  5209 | D:8      | Found a faded altar of an unknown god.
  5209 | D:8      | Found a sacrificial altar of Ru.
  5214 | D:8      | Found a basalt altar of Yredelemnul.
  5216 | D:8      | Found a bloodstained altar of Trog.
  5217 | D:8      | Found a deep blue altar of Sif Muna.
  5395 | D:8      | Reached skill level 5 in Shields
  5564 | D:8      | Reached skill level 10 in Long Blades
  5749 | D:9      | Noticed a troll
  5756 | D:9      | Killed a troll
  5894 | D:9      | Found Liatwine's Gadget Shop.
  6130 | D:9      | Reached XP level 10. HP: 86/86 MP: 9/9
  6194 | D:9      | Noticed a two-headed ogre
  6202 | D:9      | Killed a two-headed ogre
  6577 | D:10     | Entered Level 10 of the Dungeon
  6601 | D:10     | Received a gift from Trog
  6791 | D:10     | Reached skill level 11 in Long Blades
  7170 | D:10     | Found a staircase to the Lair.
  7714 | D:10     | Reached XP level 11. HP: 37/95 MP: 10/10
  7955 | D:11     | Noticed a two-headed ogre
  8080 | D:11     | Killed a two-headed ogre
  8080 | D:11     | Reached skill level 12 in Long Blades
  8091 | D:11     | Received a gift from Trog
  8643 | D:12     | Received a gift from Trog
  8711 | D:12     | Noticed a skeletal warrior
  8717 | D:12     | Noticed a skeletal warrior
  8721 | D:12     | Noticed a skeletal warrior
  8722 | D:12     | Noticed a skeletal warrior
  8723 | D:12     | Noticed a skeletal warrior
  8730 | D:12     | HP: 4/145 [skeletal warrior/flail (5)]
  8736 | D:12     | HP: 4/97 [flying skull (1)]
  8737 | D:12     | Killed a skeletal warrior
  8737 | D:12     | Mangled by a skeletal warrior

Skill      XL: |  1  2  3  4  5  6  7  8  9 10 11 |
---------------+----------------------------------+-----
Long Blades    | 4 5 6 7 8 10 11 12 | 12.7
Fighting       | 4 5 6 7 8 9 |  9.6
Throwing       | 1 2 3 4 5 6 7 |  7.3
Armour         | 3 4 5 7 8 9 |  9.2
Dodging        | 3 4 5 6 7 8 |  8.4
Shields        | 2 3 5 6 8 |  8.0

Action                   |  1- 3 |  4- 6 |  7- 9 | 10-12 || total
-------------------------+-------+-------+-------+-------++-------
Melee: Falchion          |    84 |   180 |   428 |   325 ||  1017
       Headbutt          |    15 |    31 |    79 |    85 ||   210
       Double sword      |       |       |       |    28 ||    28
Throw: Stone             |    20 |       |       |       ||    20
       Javelin           |     4 |       |       |     9 ||    13
       Tomahawk          |       |       |       |    16 ||    16
Invok: Berserk           |       |     2 |     1 |     3 ||     6
       Trog's Hand       |       |     1 |     1 |       ||     2
  Use: Scroll            |       |       |    15 |       ||    15
       Potion            |       |       |       |     2 ||     2
  Eat: Chunk             |       |     6 |    17 |    13 ||    36
Armor: Animal skin       |     2 |       |       |       ||     2
       Plate armour      |    41 |   144 |   246 |   166 ||   597
Dodge: Dodged            |    39 |    67 |   105 |   102 ||   313
Block: Shield            |       |    10 |   188 |   203 ||   401
       Rpst.: Falchion   |     7 |    24 |    33 |    22 ||    86
       Double sword      |       |       |       |     9 ||     9
